Map: Ruins of Seras

Players

Shamanas - Winner!

  • Race: Terran Terran

JimJams

  • Race: Zerg Zerg

VOD

Have the link to the VOD?

Description

Time

  • Played on: May 1, 2015, 5:52 p.m.
  • Length: 15:37
Show
View Real Time Build Order
Export as new Build Order

Shamanas Terran - Winner!

Build Orders: Reaper Expand 

Get SALT Encoding   

  12  0:01  SCV  
  13  0:13  SCV  
  14  0:18  Supply Depot  
  14  0:25  SCV  
  15  0:38  Refinery  
  15  0:41  Barracks  
  15  0:44  SCV  
  16  0:57  SCV  
  17  1:09  SCV  
  18  1:28  Orbital Command  
  18  1:29  Reaper  
  19  1:44  Command Center  
  19  1:56  SCV  
  20  2:02  Supply Depot  
  20  2:03  Barracks Reactor  
  20  2:10  SCV  
  21  2:19  Factory  
  21  2:22  SCV  
  22  2:34  SCV  
  23  2:46  SCV  
  23  2:47  Marine x2  
  26  2:59  SCV  
  26  3:00  Bunker, Orbital Command  
  26  3:04  Factory Tech Lab  
  27  3:08  Refinery, Marine x2  
  29  3:17  SCV  
  30  3:24  Cyclone  
  30  3:26  SCV  
  34  3:29  SCV  
  34  3:32  Marine  
  34  3:33  Marine  
  37  3:37  Refinery x2  
  37  3:38  SCV  
  37  3:40  Supply Depot  
  38  3:45  SCV  
  39  3:50  SCV, Marine x2  
  42  3:57  Cyclone  
  42  4:02  SCV x2  
  47  4:13  Marine x2  
  47  4:14  SCV x2  
  50  4:19  Factory  
  50  4:20  Supply Depot  
  50  4:26  SCV  
  50  4:27  SCV  
  52  4:37  Command Center  
  52  4:38  SCV  
  53  4:39  SCV  
  54  4:48  Starport  
  54  4:49  Armory  
  54  4:50  SCV  
  54  4:51  SCV  
  55  4:54  Cyclone  
  58  5:01  Supply Depot x2  
  58  5:02  SCV  
  59  5:09  Armory  
  59  5:11  SCV  
  60  5:14  SCV  
  61  5:22  Hellion x2  
  61  5:24  Supply Depot  
  61  5:26  SCV  
  61  5:27  SCV  
  67  5:31  Cyclone  
  67  5:32  Starport Tech Lab  
  70  5:40  Terran Vehicle and Ship Weapons Level 1  
  72  5:42  SCV x2  
  72  5:49  Hellion x2  
  75  6:03  Banshee  
  71  6:10  SCV x2  
  73  6:18  Terran Vehicle And Ship Armor Level 1  
  73  6:22  Cyclone, Factory  
  73  6:23  Hellion x2, Starport  
  80  6:28  SCV x2  
  80  6:29  Orbital Command  
  80  6:46  Refinery  
  76  6:47  SCV x2, Refinery  
  76  6:56  Hellion  
  76  6:57  Hellion, Cyclone  
  76  6:58  SCV  
  76  6:59  SCV  
  85  7:02  Missile Turret  
  85  7:04  Missile Turret  
  85  7:07  Factory Tech Lab, Missile Turret x2, Starport Reactor  
  85  7:08  Missile Turret  
  85  7:17  SCV  
  85  7:18  SCV x2  
  85  7:22  Supply Depot x2  
  86  7:25  Hellion, Hellbat  
  86  7:27  Cloaking Field  
  86  7:29  SCV  
  80  7:30  Banshee  
  80  7:34  Cyclone x2  
  89  7:45  SCV x2, Viking x2  
  89  7:49  Hellion x2  
  99  7:52  Infernal Pre-Igniter  
  99  8:10  Cyclone  
  99  8:12  Terran Vehicle and Ship Weapons Level 2  
  102  8:13  Command Center  
  102  8:15  Missile Turret  
  102  8:16  Supply Depot  
  102  8:17  Supply Depot, Hellion x2  
  102  8:19  Refinery  
  106  8:29  SCV x3  
  106  8:30  Banshee, Viking x2  
  116  8:39  Terran Vehicle And Ship Armor Level 2, Refinery  
  116  8:51  Hellion x2, Siege Tank  
  116  8:54  SCV x3  
  126  9:00  Factory  
  126  9:05  Fusion Core  
  123  9:20  Cyclone  
  123  9:22  Hellion x2  
  130  9:33  Siege Tank  
  130  9:34  Banshee  
  136  9:44  Orbital Command  
  136  9:45  SCV x2  
  138  9:48  Factory Tech Lab  
  138  9:49  Viking x2  
  138  9:52  Cyclone  
  147  9:53  Hellion  
  147  9:59  Supply Depot  
  147  10:00  Supply Depot x2  
  147  10:13  Starport  
  147  10:14  Starport  
  147  10:15  Hellion, Starport  
  147  10:16  Starport  
  147  10:17  Command Center  
  147  10:18  Command Center  
  147  10:20  Cyclone  
  151  10:23  Refinery  
  149  10:46  Cyclone x2  
  149  10:48  Refinery  
  155  10:50  Hyperflight Rotors  
  155  11:16  Hellion x12  
  155  11:22  Starport Tech Lab  
  155  11:23  Starport Tech Lab x3  
  153  11:29  Cyclone x3  
  153  11:30  Engineering Bay, Hellbat x2  
  164  11:49  Banshee x4  
  164  11:50  Banshee, Viking  
  181  11:55  Planetary Fortress  
  181  11:56  Orbital Command  
  181  11:57  Missile Turret  
  181  12:01  Terran Vehicle And Ship Armor Level 3, Terran Vehicle and Ship Weapons Level 3  
  176  12:31  Unknown  
  176  12:32  Banshee x3  
  176  12:36  Siege Tank x3, Hellbat  
  176  12:37  Hellbat  
  184  13:01  Hellbat  
  184  13:02  Hellbat  
  184  13:03  Banshee x2  
  191  13:15  Banshee, Cyclone x3  
  191  13:32  Banshee, Hellbat x2  
  198  13:44  Command Center x2  
  198  13:49  Refinery  
  198  13:50  Refinery, Missile Turret  
  198  13:51  Missile Turret  
  198  14:05  Cyclone  
  198  14:06  Banshee  
  196  14:16  Banshee  
  185  14:41  Banshee x3  
  185  14:42  Viking x2  
  173  14:52  Cyclone x3  
  179  14:53  Hellbat x2  
  189  15:04  Orbital Command  
  186  15:09  Missile Turret  
  178  15:24  Command Center  
Show
View Real Time Build Order
Export as new Build Order

JimJams Zerg 

Build Orders: 3 Hatch before Pool 

Get SALT Encoding   

  12  0:01  Drone  
  13  0:13  Drone  
  14  0:35  Hatchery  
  13  1:04  Drone  
  13  1:05  Hatchery  
  13  1:12  Overlord  
  13  1:39  Drone x3  
  16  1:44  Spawning Pool  
  16  1:46  Extractor  
  14  1:48  Drone  
  14  1:53  Drone  
  16  1:58  Drone  
  17  2:04  Drone  
  18  2:12  Drone x2  
  20  2:24  Drone x3  
  23  2:32  Roach Warren  
  21  2:41  Zergling x4  
  22  2:49  Metabolic Boost  
  21  3:05  Drone  
  21  3:06  Drone x3  
  24  3:16  Drone x2  
  26  3:22  Drone  
  26  3:24  Drone  
  28  3:27  Drone  
  28  3:29  Extractor  
  28  3:33  Drone  
  29  3:34  Drone  
  29  3:39  Overlord  
  30  3:44  Roach  
  30  3:46  Roach  
  33  3:55  Drone  
  33  3:56  Overlord  
  33  3:57  Overlord  
  32  4:14  Drone x5  
  32  4:15  Drone  
  38  4:18  Ravager  
  39  4:24  Lair  
  39  4:32  Queen  
  41  4:43  Ravager  
  41  4:44  Queen  
  44  4:47  Drone x4  
  48  4:54  Drone x3  
  48  4:56  Drone  
  52  5:01  Spore Crawler  
  52  5:02  Drone x2  
  52  5:04  Drone  
  54  5:07  Overlord  
  54  5:24  Queen  
  54  5:25  Glial Reconstitution  
  54  5:27  Roach x4  
  64  5:35  Roach  
  61  6:02  Roach x5  
  58  6:14  Roach x4  
  58  6:15  Overlord  
  58  6:16  Overlord x4  
  60  6:28  Roach  
  60  6:29  Roach x2  
  62  6:37  Roach x6  
  71  6:47  Drone x8  
  71  6:48  Extractor x2  
  76  6:57  Drone  
  76  6:58  Drone  
  78  7:01  Evolution Chamber, Queen  
  78  7:02  Evolution Chamber  
  78  7:11  Drone  
  79  7:18  Roach x6  
  79  7:19  Roach x2  
  91  7:36  Drone  
  97  7:37  Drone x7  
  97  7:42  Zerg Missile Weapons Level 1, Zerg Ground Armor Level 1  
  99  7:44  Ravager x2  
  99  7:49  Ravager  
  99  7:51  Overlord x3  
  102  8:02  Drone  
  102  8:03  Drone x3  
  106  8:05  Extractor  
  106  8:06  Extractor  
  106  8:10  Hatchery  
  103  8:16  Overlord  
  103  8:17  Overlord x2  
  103  8:21  Ravager x2  
  103  8:22  Ravager x2  
  107  8:27  Overlord x3  
  107  8:31  Drone  
  107  8:32  Drone x3  
  111  8:42  Drone  
  111  8:44  Drone  
  111  8:46  Drone  
  111  8:47  Drone  
  115  8:49  Drone  
  115  8:52  Drone x2  
  115  8:53  Drone  
  118  9:01  Drone x2  
  118  9:02  Drone x3  
  123  9:13  Hatchery  
  122  9:17  Overlord x2  
  122  9:18  Overlord  
  122  9:21  Ravager x5  
  122  9:22  Ravager x7  
  134  9:31  Spine Crawler  
  133  9:33  Spine Crawler x2  
  125  9:40  Roach x8  
  138  9:48  Drone x4  
  138  9:49  Drone x4  
  138  9:50  Drone  
  138  9:51  Drone  
  148  9:53  Drone  
  148  9:54  Drone  
  148  9:55  Drone  
  148  9:56  Drone  
  148  9:58  Drone  
  148  9:59  Drone  
  154  10:23  Zerg Ground Armor Level 2, Zerg Missile Weapons Level 2  
  154  10:29  Infestation Pit  
  153  10:43  Roach x15  
  153  10:44  Roach x5  
  193  10:51  Ravager x4  
  193  10:56  Extractor x2  
  195  10:58  Ravager  
  195  11:00  Ravager  
  197  11:05  Ravager  
  197  11:08  Roach  
  200  11:30  Overseer x3  
  200  11:33  Overlord x2  
  200  11:34  Overlord x2  
  200  11:37  Hatchery  
  187  11:51  Roach x8  
  187  11:52  Roach  
  199  11:58  Hive  
  199  11:59  Lair  
  190  12:32  Roach x6  
  196  12:38  Hydralisk Den  
  167  13:07  Extractor  
  167  13:10  Drone x6  
  167  13:11  Drone x5, Extractor  
  167  13:12  Drone x5  
  176  13:17  Hydralisk x5  
  176  13:18  Hydralisk x7  
  200  13:24  Spore Crawler  
  200  13:25  Muscular Augments  
  199  13:33  Ravager  
  200  13:44  Spine Crawler  
  200  13:46  Spine Crawler  
  200  13:48  Spine Crawler x2  
  196  13:59  Roach x2  
  155  14:39  Hydralisk x2  
  155  14:40  Hydralisk x5, Roach x4  
  155  14:41  Hatchery, Hydralisk x2, Roach x5  
  155  14:42  Roach  
  128  14:51  Hatchery  
  120  14:54  Hydralisk x2, Roach x2  
  120  14:55  Roach  
  129  15:04  Hydralisk x2  
  129  15:05  Roach x3  
  130  15:12  Hydralisk  
  130  15:13  Hydralisk, Roach x3  
Tags
 
Add a new tag
Caveats
  • Supply blocks, unpowered buildings, or Contaminate may cause inaccurate times.
  • Supply counts are checked every 10 seconds.